 Dungeon Sprint DCSS version 0.32-a0-909-gc671339a80 (webtiles) character file.

Game seed: 16022138045218649469

9000000 Griffin23 the Intangible (level 27, 0/167 (228) HPs)
             Began as a Djinni Warper on Apr 6, 2024.
             Was the Champion of Makhleb.
             Killed from afar by a wretched soul (97 damage)
             ... with a bolt of negative energy
             ... in the Dungeon (Sprint VIII: "Arena of Blood").
             The game lasted 00:05:39 (90 turns).

Griffin23 the Intangible (Djinni Warper)              Turns: 90, Time: 00:05:40

HP:   0/167 (228)   AC:  6    Str: 14    XL:     27
Gold: 0             EV: 33    Int: 16    God:    Makhleb [******] SH:  0 Dex: 22

rFire   + + .        i - +∞ Axe of Woe
rCold   x . .        (shield currently unavailable)
rNeg    . . .        b - +0 leather armour
rPois   ∞            (no helmet)
rElec   .            (no cloak)
rCorr   .            (no gloves)
SInv    .            (boots unavailable)
Will    ++...        (no amulet)
Stlth   ++++++++++   j - +30 ring of slaying
HPRegen 0.47/turn    (no ring)

%: no teleportation, infuse magic (-1 HP)
@: on vortex cooldown, marked, flying, very heavily drained
A: sickness immunity, fire resistance 2, cold vulnerability 1, float, innate
caster, HP casting, extra vitality 1
a: Renounce Religion, Minor Destruction, Lesser Servant of Makhleb, Major
Destruction, Greater Servant of Makhleb


You were in the Dungeon.
You worshipped Makhleb.
Makhleb was exalted by your worship.
You visited 1 branch

Inventory:

Hand Weapons
 a - a +0 hand axe
 i - the +∞ Axe of Woe (weapon)
   (You found it in the Dungeon)
Missiles
 d - 7 darts of dispersal (quivered)
Armour
 b - a +0 leather armour (worn)
Jewellery
 j - a +30 ring of slaying (left hand)
Potions
 e - a potion of curing
 f - a potion of heal wounds
 g - a potion of haste
 h - a potion of berserk rage


   Skills:
 O Level 27 Fighting
 O Level 27 Short Blades
 O Level 27 Long Blades
 O Level 27 Axes
 O Level 27 Maces & Flails
 O Level 27 Polearms
 O Level 27 Staves
 O Level 27 Ranged Weapons
 O Level 27 Throwing
 O Level 27 Armour
 O Level 27 Dodging
 O Level 27 Stealth
 O Level 27 Shields
 O Level 27 Unarmed Combat
 O Level 27 Spellcasting
 O Level 27 Conjurations
 O Level 27 Hexes
 O Level 27 Summonings
 O Level 27 Necromancy
 O Level 27 Translocations
 O Level 27 Fire Magic
 O Level 27 Ice Magic
 O Level 27 Air Magic
 O Level 27 Earth Magic
 O Level 27 Alchemy
 O Level 27 Invocations
 O Level 27 Evocations
 O Level 27 Shapeshifting


You knew the following spells:

 Your Spells              Type           Power      Damage    Failure   Level
a - Blink                 Tloc           100%       N/A       0%          2
b - Lesser Beckoning      Tloc           100%       N/A       0%          2
c - Teleport Other        Tloc           82%        N/A       0%          3
d - Maxwell's Portable P  Tloc           82%        2d(13-38) 0%          3
e - Vhi's Electric Charg  Tloc/Air       100%       N/A       0%          4
f - Freeze                Ice            100%       1d10      0%          1
g - Call Imp              Summ           100%       N/A       0%          2
h - Frozen Ramparts       Ice            100%       1d16      0%          3
i - Leda's Liquefaction   Alch/Erth      41%        N/A       0%          4
j - Anguish               Hex/Necr       41%        N/A       0%          4
k - Summon Forest         Summ/Tloc      41%        N/A       0%          5
l - Gell's Gavotte        Tloc           41%        2d(29-44) 0%          6
m - Death Channel         Necr           41%        N/A       0%          6
n - Sculpt Simulacrum     Ice/Alch       41%        N/A       0%          6
o - Disjunction           Tloc           41%        N/A       1%          8
p - Maxwell's Capacitive  Air            41%        ∞         1%          8
q - Dragon's Call         Summ           41%        N/A       2%          9
r - Polar Vortex          Ice            41%        12d5*     2%          9
Your spell library was empty.

Dungeon Overview and Level Annotations

Branches:
Dungeon (1/1)

Altars:
Makhleb

Annotations:
D The Captor


Innate Abilities, Weirdness & Mutations

You are immune to sickness and miasma.
You are immune to poison.
Your flesh is very heat resistant. (rF++)
You are vulnerable to cold. (rC-)
You float through the air rather than walking.
You learn spells naturally, not from books.
Your magical power is your life essence.
You have superior vitality. (+4 MHP)


Message History

Makhleb accepts your kill.
You feel better.
You kill the bag of meat!
Makhleb accepts your kill.
You feel better. Makhleb accepts your kill.
You feel better.
You feel a bit more experienced.
You kill the bag of meat!
Makhleb accepts your kill.
You feel better. Makhleb accepts your kill.
You feel better.
You feel a bit more experienced.
You kill the bag of meat!
Makhleb accepts your kill.
You feel better.
You hear an explosion!
The fiery explosion engulfs the meat beast!!
You hear an explosion!
You hear a shout!
Unknown command.
You slice the sculptor of flesh!!
You fatally mangle the sculptor of flesh.
You destroy the sculptor of flesh!
Makhleb accepts your kill.
You feel better.
The winds around you start to calm down.
The meat beast barks, "Taste defeat, thou tasty junket!"
A destroyer comes into view. It is wielding a +9 heavy great sword.
The Captor points at you and mumbles some strange words.
A sentinel's mark forms upon you.
A bolt of negative energy appears from out of thin air!
The bolt of negative energy hits the meat beast.
The meat beast completely resists.
The bolt of negative energy hits you!!!!
You feel drained.
Ouch! That really hurt!
A bolt of negative energy appears from out of thin air!
The bolt of negative energy hits you!!!!
You feel drained.
Ouch! That really hurt!
You die...

#.....###......#. .O
#....#.........o ...
#....@... .o... ....
#§§D§§§M..#...z....#
#§D{§§§....)§#oo...#
#z{§§2 #Oo°oz.###
#{§§§#....OoO§O.oMLo
#§§2§##.o.O.z.#Ooo)°
#§§@§§#.ozo.#.zoXX))
#§§§§§§###........2.
#§§§§§## ...#.......
#§§§§#§§......#.....
#§§°§#§§§...........
#§§§§§.§§.V .°...###
#.......... .o.z. #
#.......... # #....
....#. .


You could see an accursed, 2 meat beasts, 2 eight-headed meat hydras, a
destroyer, a sculptor of flesh and The Captor.

Vanquished Creatures
  2 hell beasts (D)
  2 royal mummies (D)
  2 wraiths (D)
  16 vampire knights (D)
  55 ogres (D)
  11 two-headed ogres (D)
  2 liches (D)
  2 hydras (D)
  118 orcs (D)
  9 skeletal warriors (D)
219 creatures vanquished.

Vanquished Creatures (others)
  A two-headed ogre (D)
1 creature vanquished.

Grand Total: 220 creatures vanquished

Notes
Turn   | Place    | Note
-------+----------+-------------------------------------------
     0 | D        | Found the +∞ Axe of Woe
     0 | D        | Griffin23 the Djinni Warper began the quest for the Orb.
     0 | D        | Griffin23 set off with the following spells memorised:
                  | Blink, Lesser Beckoning, Teleport Other, Maxwell's Portable
                  | Piledriver, Vhi's Electric Charge.
     0 | D        | Reached XP level 1. HP: 18/18 MP: 0/0
     2 | D        | Noticed a bag of meat
     4 | D        | Became a worshipper of Makhleb the Destroyer
     4 | D        | Noticed a bag of meat
     6 | D        | Noticed a bag of meat
     6 | D        | Noticed a meat berserker
     6 | D        | Noticed a bag of meat
     7 | D        | Noticed a bag of meat
     8 | D        | Noticed a bag of meat
     8 | D        | Noticed a bag of meat
     9 | D        | Killed a meat berserker
     9 | D        | Noticed a bag of meat
    10 | D        | Reached XP level 2. HP: 46/46 MP: 0/0
    10 | D        | Reached XP level 3. HP: 51/51 MP: 0/0
    10 | D        | Learned a level 1 spell: Freeze
    10 | D        | Reached XP level 4. HP: 58/58 MP: 0/0
    10 | D        | Reached XP level 5. HP: 64/64 MP: 0/0
    10 | D        | Learned a level 2 spell: Call Imp
    10 | D        | Reached XP level 6. HP: 70/70 MP: 0/0
    10 | D        | Reached XP level 7. HP: 76/76 MP: 0/0
    10 | D        | Learned a level 3 spell: Frozen Ramparts
    10 | D        | Reached XP level 8. HP: 82/82 MP: 0/0
    10 | D        | Reached XP level 9. HP: 88/88 MP: 0/0
    10 | D        | Learned a level 4 spell: Leda's Liquefaction
    10 | D        | Reached XP level 10. HP: 94/94 MP: 0/0
    10 | D        | Reached XP level 11. HP: 100/100 MP: 0/0
    10 | D        | Learned a level 4 spell: Anguish
    10 | D        | Reached XP level 12. HP: 106/106 MP: 0/0
    10 | D        | Killed a bag of meat
    10 | D        | Reached * piety under Makhleb
    10 | D        | Noticed a meat berserker
    11 | D        | Reached skill level 15 in Axes
    11 | D        | Reached skill level 5 in Throwing
    11 | D        | Reached XP level 13. HP: 113/113 MP: 0/0
    11 | D        | Learned a level 5 spell: Summon Forest
    11 | D        | Noticed a meat berserker
    12 | D        | Noticed a meat berserker
    12 | D        | Killed a bag of meat
    12 | D        | Killed a bag of meat
    13 | D        | Reached XP level 14. HP: 121/121 MP: 0/0
    13 | D        | Killed a bag of meat
    13 | D        | Reached ** piety under Makhleb
    13 | D        | Killed a bag of meat
    13 | D        | Killed a meat berserker
    13 | D        | Noticed a meat berserker
    13 | D        | Noticed a bag of meat
    14 | D        | Reached skill level 10 in Throwing
    14 | D        | Reached XP level 15. HP: 131/131 MP: 0/0
    14 | D        | Learned a level 6 spell: Gell's Gavotte
    14 | D        | Noticed a meat berserker
    16 | D        | Killed a meat berserker
    16 | D        | Reached *** piety under Makhleb
    16 | D        | Noticed a meat berserker
    16 | D        | Noticed a meat berserker
    17 | D        | Reached skill level 10 in Spellcasting
    17 | D        | Reached skill level 10 in Conjurations
    17 | D        | Reached skill level 10 in Hexes
    17 | D        | Reached skill level 10 in Summonings
    17 | D        | Reached skill level 10 in Necromancy
    17 | D        | Reached skill level 10 in Translocations
    17 | D        | Reached skill level 10 in Fire Magic
    17 | D        | Reached skill level 10 in Ice Magic
    17 | D        | Reached skill level 10 in Air Magic
    17 | D        | Reached skill level 10 in Earth Magic
    17 | D        | Reached skill level 10 in Alchemy
    17 | D        | Killed a meat berserker
    18 | D        | Reached skill level 15 in Armour
    18 | D        | Reached XP level 16. HP: 142/142 MP: 0/0
    18 | D        | Reached **** piety under Makhleb
    19 | D        | Killed a meat berserker
    19 | D        | Killed a meat berserker
    20 | D        | Reached skill level 15 in Throwing
    20 | D        | Reached skill level 15 in Stealth
    20 | D        | Reached XP level 17. HP: 138/151 MP: 0/0
    20 | D        | Learned a level 6 spell: Death Channel
    21 | D        | Killed a meat berserker
    21 | D        | Reached ***** piety under Makhleb
    22 | D        | Reached skill level 15 in Spellcasting
    22 | D        | Reached skill level 15 in Conjurations
    22 | D        | Reached skill level 15 in Hexes
    22 | D        | Reached skill level 15 in Summonings
    22 | D        | Reached skill level 15 in Necromancy
    22 | D        | Reached skill level 15 in Translocations
    22 | D        | Reached skill level 15 in Fire Magic
    22 | D        | Reached skill level 15 in Ice Magic
    22 | D        | Reached skill level 15 in Air Magic
    22 | D        | Reached skill level 15 in Earth Magic
    22 | D        | Reached skill level 15 in Alchemy
    22 | D        | Reached XP level 18. HP: 161/161 MP: 0/0
    22 | D        | Killed a meat berserker
    23 | D        | Noticed a meat berserker
    23 | D        | Noticed a large bag of meat
    24 | D        | Reached skill level 27 in Dodging
    24 | D        | Reached XP level 19. HP: 171/171 MP: 0/0
    24 | D        | Learned a level 6 spell: Sculpt Simulacrum
    24 | D        | Noticed a large bag of meat
    24 | D        | Noticed a meat berserker
    24 | D        | Noticed a meat berserker
    24 | D        | Noticed a meat berserker
    24 | D        | Noticed a meat berserker
    24 | D        | Noticed a meat berserker
    25 | D        | Noticed a large bag of meat
    27 | D        | Reached ****** piety under Makhleb
    28 | D        | Killed a meat berserker
    28 | D        | Noticed a meat berserker
    29 | D        | Reached skill level 27 in Fighting
    29 | D        | Reached XP level 20. HP: 181/181 MP: 0/0
    29 | D        | Noticed a destroyer
    29 | D        | Noticed a large bag of meat
    30 | D        | Noticed a meat berserker
    31 | D        | Noticed a meat berserker
    31 | D        | Killed a meat berserker
    31 | D        | Killed a meat berserker
    31 | D        | Killed a meat berserker
    31 | D        | Noticed a meat berserker
    31 | D        | Noticed a destroyer
    32 | D        | Noticed a destroyer
    32 | D        | Noticed a meat berserker
    32 | D        | Killed a meat berserker
    33 | D        | Reached skill level 27 in Armour
    33 | D        | Reached XP level 21. HP: 187/187 MP: 0/0
    33 | D        | Learned a level 8 spell: Disjunction
    33 | D        | Killed a large bag of meat
    33 | D        | Killed a meat berserker
    34 | D        | Reached skill level 27 in Axes
    34 | D        | Reached skill level 27 in Stealth
    34 | D        | Reached XP level 22. HP: 178/194 MP: 0/0
    35 | D        | Killed a destroyer
    35 | D        | Killed a destroyer
    35 | D        | Killed a destroyer
    35 | D        | Noticed a destroyer
    35 | D        | Noticed a meat berserker
    36 | D        | Reached skill level 27 in Throwing
    36 | D        | Reached skill level 27 in Spellcasting
    36 | D        | Reached skill level 27 in Conjurations
    36 | D        | Reached skill level 27 in Hexes
    36 | D        | Reached skill level 27 in Summonings
    36 | D        | Reached skill level 27 in Necromancy
    36 | D        | Reached skill level 27 in Translocations
    36 | D        | Reached skill level 27 in Fire Magic
    36 | D        | Reached skill level 27 in Ice Magic
    36 | D        | Reached skill level 27 in Air Magic
    36 | D        | Reached skill level 27 in Earth Magic
    36 | D        | Reached skill level 27 in Alchemy
    36 | D        | Reached skill level 15 in Unarmed Combat
    36 | D        | Reached skill level 15 in Invocations
    36 | D        | Reached XP level 23. HP: 201/201 MP: 0/0
    36 | D        | Learned a level 8 spell: Maxwell's Capacitive Coupling
    37 | D        | Killed a large bag of meat
    37 | D        | Noticed a destroyer
    38 | D        | Killed a large bag of meat
    39 | D        | Reached XP level 24. HP: 195/208 MP: 0/0
    41 | D        | Reached skill level 27 in Unarmed Combat
    41 | D        | Reached skill level 27 in Invocations
    41 | D        | Reached XP level 25. HP: 214/214 MP: 0/0
    41 | D        | Learned a level 9 spell: Dragon's Call
    41 | D        | Killed a destroyer
    42 | D        | Reached skill level 27 in Maces & Flails
    42 | D        | Reached skill level 27 in Polearms
    42 | D        | Reached skill level 5 in Shields
    42 | D        | Reached skill level 5 in Evocations
    42 | D        | Noticed a large bag of meat
    43 | D        | Reached skill level 10 in Shields
    43 | D        | Reached skill level 10 in Evocations
    43 | D        | Reached XP level 26. HP: 221/221 MP: 0/0
    44 | D        | Noticed an accursed
    44 | D        | Noticed a destroyer
    45 | D        | Killed a large bag of meat
    45 | D        | Noticed a tyrant
    45 | D        | Noticed a destroyer
    45 | D        | Noticed a destroyer
    46 | D        | Reached skill level 15 in Short Blades
    46 | D        | Reached skill level 15 in Long Blades
    46 | D        | Reached XP level 27. HP: 212/228 MP: 0/0
    46 | D        | Learned a level 9 spell: Polar Vortex
    46 | D        | Killed a destroyer
    48 | D        | Noticed a destroyer
    49 | D        | Reached skill level 27 in Staves
    49 | D        | Noticed a destroyer
    50 | D        | Killed an accursed
    50 | D        | Noticed a destroyer
    52 | D        | Reached skill level 27 in Shields
    52 | D        | Reached skill level 27 in Evocations
    52 | D        | Killed a tyrant
    52 | D        | Killed a destroyer
    53 | D        | Reached skill level 27 in Short Blades
    53 | D        | Reached skill level 27 in Long Blades
    53 | D        | Reached skill level 27 in Ranged Weapons
    53 | D        | Reached skill level 27 in Shapeshifting
    53 | D        | Noticed an accursed
    53 | D        | Killed a large bag of meat
    53 | D        | Killed a destroyer
    54 | D        | Killed a destroyer
    54 | D        | Killed a destroyer
    55 | D        | Noticed a tyrant
    57 | D        | Killed a destroyer
    58 | D        | Killed an accursed
    58 | D        | Killed a destroyer
    58 | D        | Noticed a large bag of meat
    58 | D        | Noticed a large bag of meat
    58 | D        | Noticed a large bag of meat
    59 | D        | Noticed a large bag of meat
    63 | D        | Noticed a large bag of meat
    64 | D        | Killed a tyrant
    65 | D        | Killed a large bag of meat
    65 | D        | Noticed an accursed
    65 | D        | Noticed a tyrant
    65 | D        | Noticed a destroyer
    66 | D        | Killed a large bag of meat
    66 | D        | Noticed a destroyer
    67 | D        | Noticed a dread
    67 | D        | Killed a large bag of meat
    67 | D        | Noticed a large bag of meat
    67 | D        | Noticed a large bag of meat
    67 | D        | Noticed a meat beast
    70 | D        | Noticed a large bag of meat
    71 | D        | Killed a destroyer
    71 | D        | Killed a destroyer
    71 | D        | Noticed a destroyer
    72 | D        | Noticed a destroyer
    72 | D        | Killed a meat beast
    72 | D        | Killed a dread
    72 | D        | Noticed a destroyer
    74 | D        | Killed a destroyer
    75 | D        | Killed a destroyer
    76 | D        | Killed a large bag of meat
    76 | D        | Killed a destroyer
    77 | D        | Noticed a meat beast
    77 | D        | Noticed a dread
    78 | D        | Noticed a dread
    78 | D        | Noticed a meat beast
    83 | D        | Noticed a meat beast
    83 | D        | HP: 9/228 [??? (6)]
    86 | D        | Killed a dread
    86 | D        | Killed a large bag of meat
    86 | D        | Noticed The Captor
    88 | D        | Noticed a meat beast
    88 | D        | Killed a meat beast
    89 | D        | Killed a large bag of meat
    89 | D        | Killed a large bag of meat
    90 | D        | Noticed a destroyer
    90 | D        | Killed from afar by a wretched soul

Illustrated notes

Levels and vault maps discovered:
D:        meatsprint

Skill      XL: |  1  2  3  4  5  6  7  8  9 10 11 12 13 14 15 16 17 18 19 20 21 22 23 24 25 26 27 |
---------------+----------------------------------------------------------------------------------+-----
Fighting       | 17 18 20 22 23 24 25 27 | 27.0
Axes           | 14 15 16 17 19 20 21 22 24 26 27 | 27.0
Throwing       | 3 5 8 10 13 15 16 18 20 23 26 27 | 27.0
Armour         | 4 6 9 12 15 17 19 21 23 27 | 27.0
Dodging        | 18 19 21 23 24 26 27 | 27.0
Stealth        | 4 7 11 13 15 17 19 21 25 27 | 27.0
Spellcasting   | 4 7 9 12 14 15 17 19 22 25 27 | 27.0
Conjurations   | 4 7 9 12 14 15 17 19 22 25 27 | 27.0
Hexes          | 4 7 9 12 14 15 17 19 22 25 27 | 27.0
Summonings     | 4 7 9 12 14 15 17 19 22 25 27 | 27.0
Necromancy     | 4 7 9 12 14 15 17 19 22 25 27 | 27.0
Translocations | 4 7 9 12 14 15 17 19 22 25 27 | 27.0
Fire Magic     | 4 7 9 12 14 15 17 19 22 25 27 | 27.0
Ice Magic      | 4 7 9 12 14 15 17 19 22 25 27 | 27.0
Air Magic      | 4 7 9 12 14 15 17 19 22 25 27 | 27.0
Earth Magic    | 4 7 9 12 14 15 17 19 22 25 27 | 27.0
Alchemy        | 4 7 9 12 14 15 17 19 22 25 27 | 27.0
Maces & Flails | 13 19 24 27 | 27.0
Polearms       | 13 19 24 27 | 27.0
Unarmed Combat | 15 23 27 | 27.0
Invocations    | 15 23 27 | 27.0
Short Blades   | 9 15 27 | 27.0
Long Blades    | 9 15 27 | 27.0
Staves         | 12 21 27 | 27.0
Ranged Weapons | 8 14 27 | 27.0
Shields        | 10 16 27 | 27.0
Evocations     | 10 16 27 | 27.0
Shapeshifting  | 8 14 27 | 27.0

Action                     |  1- 3 |  4- 6 |  7- 9 | 10-12 | 13-15 | 16-18 | 19-21 | 22-24 | 25-27 || total
---------------------------+-------+-------+-------+-------+-------+-------+-------+-------+-------++-------
  Melee: Executioner's axe |     1 |       |       |     1 |     4 |     6 |     6 |     7 |    44 ||    69
   Cast: Polar Vortex      |       |       |       |       |       |       |       |       |     1 ||     1
    Use: Scroll            |       |       |       |       |       |       |       |       |     2 ||     2
 Armour: Leather armour    |       |       |       |       |     1 |     1 |     1 |     2 |    42 ||    47
  Dodge: Dodged            |       |       |       |       |       |       |     2 |       |    10 ||    12

Table legend: (Time is in decaauts)
 A = Elapsed time spent in this place.
 B = Non-inter-level travel time spent in this place.
 C = Inter-level travel time spent in this place.
 D = Time resting spent in this place.
 E = Time spent auto-exploring this place.
 F = Levels seen in this place.
 G = Mean time per level.
                   A        B        C        D        E       F      G
               +--------+--------+--------+--------+--------+-----+--------+
         Total |     80 |     80 |      0 |      0 |      0 |   1 |   80.0 |
       Dungeon |     80 |     80 |      0 |      0 |      0 |   1 |   80.0 |
               +--------+--------+--------+--------+--------+-----+--------+

Top non-repeatable levels by time:
       D: 80 daAuts
